 Dungeon Crawl Stone Soup version 0.32-a0-711-g016ad743e0 (webtiles) character file.

Game seed: 1797498067880200809

4388 smashvw the Grappler (level 10, -5/102 HPs)
             Began as a Troll Fighter on Mar 15, 2024.
             Was a Believer of Wu Jian.
             Slain by an orc warrior
             ... wielding a +0 rapier
              (8 damage)
             ... on level 8 of the Dungeon.
             The game lasted 00:23:08 (7261 turns).

smashvw the Grappler (Troll Fighter)                Turns: 7261, Time: 00:23:08

Health: -5/102     AC:  4    Str: 26    XL:     10   Next: 13%
Magic:  9/9        EV:  9    Int:  4    God:    Wu Jian [**....]
Gold:   154        SH: 10    Dex: 13    Spells: 9/9 levels left

rFire   . .          .
                       - Unarmed
rCold   . . .        b - +0 kite shield
rNeg    . . .        a - +0 robe
rPois   .            (helmet restricted)
rElec   .            (no cloak)
rCorr   .            (gloves unavailable)
SInv    .            (boots unavailable)
Will    .....        (no amulet)
Stlth   +            (no ring)
HPRegen 1.17/turn    (no ring)
MPRegen 0.11/turn

%: no passive effects
@: attractive
A: large, unfitting armour, claws 3, regeneration 1, shaggy fur 1, tough skin 1,
MP-powered wands
a: Renounce Religion, Wall Jump


You were on level 8 of the Dungeon.
You worshipped Wu Jian.
Wu Jian was pleased with you.
You visited 2 branches of the dungeon, and saw 9 of its levels.

You collected 420 gold pieces.
You spent 266 gold pieces at shops.

Inventory:

Missiles
 i - 70 stones
 k - 8 poisoned darts
 n - 5 javelins
 p - 2 curare-tipped darts
 v - an atropa-tipped dart (quivered)
 D - 2 throwing nets
 F - 13 boomerangs
Armour
 a - a +0 robe (worn)
 b - a +0 kite shield (worn)
Jewellery
 e - a ring of positive energy
 z - a ring of see invisible
 C - an amulet of guardian spirit
Wands
 H - a wand of iceblast (11)
Scrolls
 j - a scroll of enchant armour
 r - a scroll of poison
 t - a scroll of fog
 u - a scroll of noise
 x - 2 scrolls of amnesia
 y - 3 scrolls of teleportation
 B - a scroll of fear
 E - 2 scrolls of immolation {unknown}
 G - a scroll of vulnerability
Potions
 c - a potion of ambrosia
 d - a potion of cancellation
 f - 2 potions of degeneration
 g - a potion of attraction
 h - 2 potions of lignification {unknown}
 l - a potion of invisibility {unknown}
 m - 3 potions of curing
 o - 2 potions of brilliance {unknown}
 w - 4 potions of heal wounds {unknown}
 A - a potion of might


   Skills:
 + Level 7.2 Fighting
 - Level 4.8 Dodging
 + Level 7.9 Shields
 + Level 8.3 Unarmed Combat


You had 9 spell levels left.
You didn't know any spells.
Your spell library contained the following spells:

 Spells                   Type           Power      Damage    Failure   Level
 Foxfire                  Conj/Fire      0%         2x1d4     71%         1
 Magic Dart               Conj           0%         1d3       71%         1
 Necrotise                Necr           0%         1d4       71%         1
 Blink                    Tloc           0%         N/A       83%         2
 Call Imp                 Summ           0%         N/A       83%         2
 Lesser Beckoning         Tloc           0%         N/A       83%         2
 Momentum Strike          Conj/Tloc      0%         3d8       83%         2
 Dazzling Flash           Conj/Hex       0%         N/A       97%         3
 Fugue of the Fallen      Necr           0%         N/A       97%         3
 Mephitic Cloud           Conj/Alch/Air  0%         N/A       97%         3
 Ozocubu's Armour         Ice            0%         N/A       97%         3
 Vampiric Draining        Necr           0%         2d6       97%         3
 Manifold Assault         Tloc           0%         N/A       100%        4
 Martyr's Knell           Necr/Summ      0%         N/A       100%        4
 Curse of Agony           Necr           0%         N/A       100%        5
 Silence                  Hex/Air        0%         N/A       100%        5
 Plasma Beam              Fire/Air       0%         2x1d10    100%        6
 Starburst                Conj/Fire      0%         6d3       100%        6


Dungeon Overview and Level Annotations

Branches:
Dungeon (8/15)             Temple (1/1) D:4
   Lair: D:8-11

Altars:
Ashenzari
Cheibriados
Dithmenos
Elyvilon
Gozag
Hepliaklqana
Kikubaaqudgha
Okawaru
Qazlal
Ru
Sif Muna
Trog
Uskayaw
Vehumet
Wu Jian
Xom
Yredelemnul
Zin
The Shining One

Shops:
D:7 ?

Annotations:
D:6 2 transporters, BeKind's ghost, novice OpIE
D:7 3 runed translucent doors, ezpacito's ghost, novice CoCK


Innate Abilities, Weirdness & Mutations

You are too large for most types of armour.
You have claws for hands.
Your natural rate of healing is unusually fast.
You are covered in fur. (AC +1)
You have tough skin. (AC +1)
You expend magic power (3 MP) to strengthen your wands.


Message History

The gnoll sergeant hits you with a +0 spear.
The gnoll sergeant hits you with a +0 spear! x2
You see here a hornet corpse.
Aiming: Wall Jump
Press: ? - help, Dir - move target You repeatedly attack the gnoll sergeant from above.
You claw the gnoll sergeant!
The gnoll sergeant is heavily wounded.
You completely miss the gnoll sergeant.
The gnoll sergeant is heavily wounded.
The gnoll sergeant hits you with a +0 spear!
The orc warrior hits you with a +0 rapier!
The gnoll sergeant closely misses you.
You claw the gnoll sergeant!
You kill the gnoll sergeant!
The Council accepts your kill.
The orc warrior hits you with a +0 rapier.
You spin and attack the orc warrior.
You closely miss the orc warrior. You block the orc warrior's attack.
You spin and attack the orc warrior.
You scratch the orc warrior.
The orc warrior is lightly wounded.
The efreet hits you with a +3 scimitar of flaming.
The efreet burns you. The gnoll sergeant barely misses you.
The orc warrior hits you with a +0 rapier!
* * * LOW HITPOINT WARNING * * *
Things that are here:
a +0 spear; a +0 scale mail; a gnoll corpse The orc warrior attacks as it pursues you!
The orc warrior hits you with a +0 rapier!
* * * LOW HITPOINT WARNING * * *
The efreet hits you with a +3 scimitar of flaming!
* * * LOW HITPOINT WARNING * * *
The efreet burns you.
* * * LOW HITPOINT WARNING * * *
Things that are here:
a +0 dagger; a kobold corpse It was a potion of attraction.
You feel attractive to monsters.
The orc warrior hits you with a +0 rapier!
You die...

#.. ..#... [ #.. #..)#..
#. #..#...#... .
##.###.#...#...#
.......#..........
##.................. .#.
#........................
......##.og......(.......
......#.@Râ—‹.......#....#
#....<)##.....#(#y..##
##.....#.â—‹....(..K.!.#
.........##.........#
.........##.....(...# .
.##.......#....[....## #
#...?.#######......####
##.#### #.......##. ##
#..........


You could see an efreet, an orc warrior and a gnoll sergeant.

Vanquished Creatures
  Pikel (D:7)
  Psyche (D:8)
  A hornet (D:8)
  2 steam dragons
  3 yaks
  A vampire mosquito (D:8)
  A water moccasin (D:6)
  Duvessa (D:4)
  2 orc warriors (D:7)
  2 black bears
  2 ogres
  A centaur (D:8)
  A phantom (D:7)
  A kobold brigand (D:7)
  5 bullfrogs
  A gnoll sergeant (D:8)
  A scorpion (D:5)
  5 wights (D:6)
  Dowan (D:4)
  A killer bee (D:8)
  3 howler monkeys
  4 hounds
  5 bombardier beetles
  2 jellies
  2 orc priests (D:5)
  2 gnoll boudas
  2 sleepcaps (D:6)
  Terence (D:3)
  3 iguanas
  3 orc wizards
  7 gnolls
  4 adders
  A shadow imp (D:6)
  2 ufetubi (D:6)
  5 dart slugs
  A ribbon worm (D:2)
  12 orcs
  6 endoplasms
  3 giant cockroaches
  5 goblins
  10 hobgoblins
  2 quokkas
  4 ball pythons
  6 bats
  5 frilled lizards
  5 kobolds
  5 rats
144 creatures vanquished.

Vanquished Creatures (others)
  A phantom (D:6)
1 creature vanquished.

Grand Total: 145 creatures vanquished

Notes
Turn   | Place    | Note
-------+----------+-------------------------------------------
     0 | D:1      | smashvw the Troll Fighter began the quest for the Orb.
     0 | D:1      | Reached XP level 1. HP: 22/22 MP: 0/0
   114 | D:1      | Reached XP level 2. HP: 29/29 MP: 1/1
   272 | D:1      | Reached XP level 3. HP: 30/36 MP: 2/2
  1378 | D:2      | Reached XP level 4. HP: 29/44 MP: 3/3
  1906 | D:3      | Found a shimmering altar of Xom.
  1908 | D:3      | Found a hazy altar of Hepliaklqana.
  1910 | D:3      | Found a snail-covered altar of Cheibriados.
  1910 | D:3      | Found a shimmering blue altar of Sif Muna.
  1910 | D:3      | Found a stormy altar of Qazlal.
  2192 | D:3      | Noticed Terence
  2200 | D:3      | Killed Terence
  2311 | D:4      | Reached skill level 3 in Unarmed Combat
  2311 | D:4      | Reached XP level 5. HP: 41/53 MP: 4/4
  2498 | D:4      | Found a staircase to the Ecumenical Temple.
  2505 | Temple   | Entered the Ecumenical Temple
  2518 | Temple   | Became a worshipper of the Wu Jian Council
  2676 | D:4      | Found a sacrificial altar of Ru.
  3059 | D:5      | Entered Level 5 of the Dungeon
  3079 | D:5      | Reached XP level 6. HP: 29/61 MP: 5/5
  3139 | D:5      | Noticed Duvessa
  3251 | D:5      | Noticed Dowan
  3469 | D:5      | Reached skill level 4 in Unarmed Combat
  3503 | D:4      | Killed Duvessa
  3504 | D:4      | Reached XP level 7. HP: 14/70 MP: 6/6
  3506 | D:4      | Killed Dowan
  3928 | D:5      | You fall into a shaft and drop 1 floor!
  4049 | D:6      | Noticed a steam dragon
  4070 | D:6      | Reached * piety under Wu Jian
  4103 | D:6      | Reached skill level 5 in Shields
  4190 | D:6      | Reached skill level 5 in Unarmed Combat
  4190 | D:6      | Reached XP level 8. HP: 79/79 MP: 7/7
  5033 | D:6      | Found a transporter.
  5036 | D:6      | Found a transporter.
  5037 | D:6      | Noticed BeKind's ghost (novice OpIE)
  5074 | D:6      | Reached skill level 5 in Fighting
  5675 | D:6      | Reached skill level 6 in Unarmed Combat
  5888 | D:6      | Reached XP level 9. HP: 27/89 MP: 8/8
  6062 | D:7      | Found a runed translucent gate.
  6062 | D:7      | Found a runed translucent gate.
  6063 | D:7      | Found a runed translucent gate.
  6067 | D:7      | Found an opulent altar of Gozag.
  6068 | D:7      | Noticed ezpacito's ghost (novice CoCK)
  6136 | D:7      | Gained mutation: You expend magic power (3 MP) to
                  | strengthen your wands. [potion of mutation]
  6166 | D:7      | Reached skill level 7 in Unarmed Combat
  6214 | D:7      | Reached ** piety under Wu Jian
  6565 | D:7      | Found Kaalaebb's Magic Scroll Emporium.
  6566 | D:7      | Noticed Pikel
  6577 | D:7      | Killed Pikel
  6589 | D:7      | Bought a scroll of identify for 28 gold pieces
  6589 | D:7      | Bought a scroll of fear for 56 gold pieces
  6589 | D:7      | Bought a scroll of identify for 28 gold pieces
  6589 | D:7      | Bought a scroll of identify for 28 gold pieces
  6589 | D:7      | Bought a scroll of teleportation for 42 gold pieces
  6589 | D:7      | Bought 3 scrolls of identify for 84 gold pieces
  6882 | D:8      | Noticed Psyche
  6889 | D:8      | Upgraded the game from 0.32-a0-705-g60f233581c to
                  | 0.32-a0-711-g016ad743e0
  6893 | D:8      | Killed Psyche
  7054 | D:8      | Reached skill level 8 in Unarmed Combat
  7066 | D:7      | Reached XP level 10. HP: 75/102 MP: 9/9
  7260 | D:8      | HP: 3/102 [efreet/+3 scimitar of flaming (17)]
  7261 | D:8      | Slain by an orc warrior

Illustrated notes

Levels and vault maps discovered:
D:1:      minmay_arrival_jagged, layout_basic
D:2:      layout_basic
D:3:      layout_loops_ring, grunt_temple_overflow_open, uniq_terence
D:4:      layout_basic, nicolae_ru_path_of_blood, minmay_temple_entry_offerings
D:5:      layout_cave_pools, serial_co_window_serial, co_window_paths_a,
          co_window_corner_a, co_window_of_opportunity_a,
          co_window_of_opportunity_a, co_window_corner_a, co_window_paths_a,
          co_window_corner_a, co_window_paths_c, co_window_2corner,
          co_window_2corner, glass_columns_c, glass_columns_c, glass_columns_a,
          glass_columns_b, eino_small_chamber_without_monster, uniq_duvessa
D:6:      layout_layer_cave, gammafunk_ghost_smash
D:7:      layout_loops_cross, serial_shops, nicolae_shop_advertising_works
          [nicolae_subvault_shop_adworks], ebering_ghost_gozag,
          kennysheep_generic_room_10, uniq_pikel
D:8:      cheibrodos_fzero, layout_cave_pools, fedhas_bush_and_centaur_altar,
          uniq_psyche
Temple:   nicolae_temple_god_jail

Skill      XL: |  1  2  3  4  5  6  7  8  9 |
---------------+----------------------------+-----
Shields        | 3 4 5 6 7 |  7.9
Dodging        | 3 4 |  4.8
Fighting       | 3 4 5 7 |  7.2
Unarmed Combat | 3 4 5 6 8 |  8.3

Action                     |  1- 3 |  4- 6 |  7- 9 | 10-12 || total
---------------------------+-------+-------+-------+-------++-------
  Melee: Unarmed           |    93 |    96 |   281 |    25 ||   495
  Throw: Dart              |       |       |     5 |       ||     5
Ability: Lunge             |       |     2 |    22 |       ||    24
         Whirlwind         |       |       |    33 |     2 ||    35
         Wall Jump         |       |       |     1 |     2 ||     3
    Use: Potion            |       |     1 |     3 |     1 ||     5
         Scroll            |       |       |    11 |       ||    11
   Stab: Sleeping          |     1 |       |       |       ||     1
 Armour: Robe              |    39 |    59 |   171 |    26 ||   295
  Dodge: Dodged            |    28 |    28 |    86 |     9 ||   151
  Block: Kite shield       |    35 |    42 |   118 |    11 ||   206

Table legend: (Time is in decaauts)
 A = Elapsed time spent in this place.
 B = Non-inter-level travel time spent in this place.
 C = Inter-level travel time spent in this place.
 D = Time resting spent in this place.
 E = Time spent auto-exploring this place.
 F = Levels seen in this place.
 G = Mean time per level.
                   A        B        C        D        E       F      G
               +--------+--------+--------+--------+--------+-----+--------+
         Total |   7296 |   7073 |    223 |    912 |   4995 |   9 |  810.7 |
       Dungeon |   7272 |   7061 |    211 |    912 |   4995 |   8 |  909.0 |
        Temple |     23 |     11 |     12 |      0 |      0 |   1 |   23.0 |
               +--------+--------+--------+--------+--------+-----+--------+

Top non-repeatable levels by time:
     D:6: 1566 daAuts
     D:7: 1267 daAuts
     D:4: 1145 daAuts
     D:2: 953 daAuts
     D:5: 903 daAuts
     D:1: 793 daAuts
     D:3: 551 daAuts
     D:8: 92 daAuts
  Temple: 23 daAuts
